 Dungeon Crawl Stone Soup version 0.30-a0-297-g0ec75d9ef4 (webtiles) character file.

Game seed: 10654590606016853137

142 koil the Sneak (level 5, -1/25 HPs)
             Began as a Spriggan Enchanter on Oct 20, 2022.
             Was an Initiate of Kikubaaqudgha.
             Slain by Pikel
             ... wielding a +1 whip of freezing
              (2 damage)
             ... on level 4 of the Dungeon.
             The game lasted 00:10:12 (2290 turns).

koil the Sneak (Spriggan Enchanter)                 Turns: 2290, Time: 00:10:15

Health: -1/25      AC:  2    Str:  4    XL:     5   Next: 4%
Magic:  8/11       EV: 18    Int: 17    God:    Kikubaaqudgha [......]
Gold:   127        SH:  0    Dex: 17    Spells: 3/11 levels left

rFire   . . .      SeeInvis +    a - +1 dagger
rCold   . . .      Faith    .    (no shield)
rNeg    . . .      Spirit   .    m - +0 robe
rPois   +          Reflect  .    (helmet restricted)
rElec   .          Harm     .    (no cloak)
rCorr   .          Rampage  .    (gloves unavailable)
Will    +....                    (boots unavailable)
Stlth   +++.......               (no amulet)
HPRegen 0.24/turn                h - ring of poison resistance
MPRegen 0.12/turn                o - ring of willpower

@: very quick
A: very small, no large weapons, unfitting armour, see invisible, speed 3
a: Renounce Religion


You were on level 4 of the Dungeon.
You worshipped Kikubaaqudgha.
Kikubaaqudgha was noncommittal.
You visited 1 branch of the dungeon, and saw 4 of its levels.

You collected 147 gold pieces.
You spent 20 gold pieces at shops.

Inventory:

Hand Weapons
 a - a +1 dagger (weapon)
 l - a +1 flail of protection
Missiles
 b - 9 poisoned darts (quivered)
Armour
 m - a +0 robe (worn)
Magical Staves
 j - a staff of air
Jewellery
 h - a ring of poison resistance (left hand)
 o - a ring of willpower (right hand)
Scrolls
 f - 5 scrolls of identify
 g - 2 scrolls of teleportation {unknown}
 k - a scroll of noise {unknown}
 n - a scroll of poison {unknown}
 q - a scroll of enchant armour {unknown}
 r - a scroll of blinking {unknown}
 s - a scroll of amnesia {unknown}
Potions
 c - 2 potions of invisibility
 d - a potion of resistance {unknown}
 e - 2 potions of curing {unknown}
 i - 2 potions of ambrosia {unknown}
 p - a potion of attraction {unknown}


   Skills:
 + Level 1.2 Fighting
 + Level 2.2 Short Blades
 + Level 3.6 Dodging
 + Level 5.5 Stealth
 + Level 3.7 Spellcasting
 + Level 4.3 Hexes
 + Level 0.1 Necromancy


You had 3 spell levels left.
You knew the following spells:

 Your Spells              Type           Power      Damage    Failure   Level
a - Ensorcelled Hibernat  Hex/Ice        20%        N/A       10%         2
b - Tukima's Dance        Hex            17%        N/A       9%          3
c - Confusing Touch       Hex            17%        N/A       9%          3

Your spell library contained the following spells:

 Spells                   Type           Power      Damage    Failure   Level
 Slow                     Hex            68%        N/A       2%          1
 Dazzling Flash           Conj/Hex       20%        N/A       21%         3
 Vampiric Draining        Necr           3%         2d6       43%         3


Dungeon Overview and Level Annotations

Branches:
Dungeon (4/15)
 Temple: D:4-7

Altars:
Ashenzari
Kikubaaqudgha

Shops:
D:2 (*[

Annotations:
D:4 Pikel


Innate Abilities, Weirdness & Mutations

You are very small and have problems with some larger weapons.
You are too small for most types of armour.
You have supernaturally acute eyesight. (SInv)
You cover ground extremely quickly. (Speed+++)


Message History

Aiming: Ensorcelled Hibernation (safe; 10% risk of failure)
Press: ? - help, Shift-Dir - straight line, f/p - Pikel
Aim: Pikel, wielding a +1 whip of freezing and wearing a +0 robe (chance to affect: 44%) Pikel looks drowsy...
The helpless Pikel fails to defend himself.
You impale Pikel!!
Pikel is almost dead.
The lemure barely misses you. Pikel closely misses you.
You hit Pikel but do no damage.
Pikel is almost dead.
The lemure barely misses you. Pikel barely misses you.
You hit Pikel.
Pikel is almost dead.
The lemure hits you.
Pikel hits you with a +1 whip of freezing.
Pikel freezes you.
* * * LOW HITPOINT WARNING * * *
Unknown command.
Casting: Ensorcelled Hibernation (safe; 10% risk of failure)
Confirm with . or Enter, or press ? or * to list all spells.
Okay, then.
Unknown command.
Unknown command.
Unknown command.
Throw: 11 darts (poison)
Press: ? - help, Q - select action, (/) - cycle Shift-Dir - straight line, f/p - Pikel
Aim: Pikel, wielding a +1 whip of freezing and wearing a +0 robe (almost dead, 51% to hit)
You throw a poisoned dart. The poisoned dart hits Pikel.
Pikel is poisoned.
Pikel is almost dead.
Throw: 10 darts (poison)
Press: ? - help, Q - select action, (/) - cycle Shift-Dir - straight line, f/p - Pikel
Aim: Pikel, wielding a +1 whip of freezing and wearing a +0 robe (almost dead, poisoned, 51% to hit)
You throw a poisoned dart. The poisoned dart closely misses Pikel.
The poisoned dart hits the lemure.
The lemure is poisoned.
Pikel hits you with a +1 whip of freezing.
* * * LOW HITPOINT WARNING * * *
Pikel freezes you.
You die...
Kikubaaqudgha rasps: "You have failed me!
Welcome... death!"

#........# #.#
..#.##........#
#.#
..............#
###.#
....###..5....#
#..#< ...
#..55...# #.#.#
.. ####.####
#<### . #.# #.#
######.# #.#
#@K(5(.#######.#
#55............#
#.5#####.#######
#.$# #.# ##.#
#.# ### #.# #.#
..# ###


You could see Pikel (poisoned) and 4 lemures.

Vanquished Creatures
  An orc wizard (D:2)
  Terence (D:3)
  3 adders (D:3)
  A dart slug (D:3)
  4 orcs (D:2)
  7 endoplasms
  3 goblins
  10 hobgoblins
  2 jackals (D:2)
  5 kobolds
  2 quokkas
  6 ball pythons
  3 bats (D:1)
  3 frilled lizards
  11 rats
62 creatures vanquished.

Notes
Turn   | Place    | Note
-------+----------+-------------------------------------------
     0 | D:1      | koil the Spriggan Enchanter began the quest for the Orb.
     0 | D:1      | Reached XP level 1. HP: 9/9 MP: 5/5
    63 | D:1      | Found a faded altar of an unknown god.
    92 | D:1      | Reached XP level 2. HP: 3/13 MP: 6/6
    95 | D:1      | Learned a level 2 spell: Ensorcelled Hibernation
   527 | D:1      | Reached XP level 3. HP: 16/17 MP: 8/8
   531 | D:1      | Learned a level 3 spell: Tukima's Dance
   535 | D:1      | Learned a level 3 spell: Confusing Touch
   591 | D:2      | Found Silol's Weapon Shop.
   743 | D:2      | Reached skill level 5 in Stealth
   759 | D:2      | Reached XP level 4. HP: 6/21 MP: 3/10
   850 | D:2      | Found a broken altar of Ashenzari.
  1074 | D:2      | Found Amoxer's General Store.
  1080 | D:2      | Bought a scroll of identify for 20 gold pieces
  1084 | D:2      | Found Yklyeg's Antique Armour Shop.
  1324 | D:3      | Reached skill level 1 in Fighting
  1456 | D:3      | Found an ancient bone altar of Kikubaaqudgha.
  1520 | D:3      | Became a worshipper of Kikubaaqudgha
  1752 | D:3      | Noticed Terence
  1933 | D:3      | Killed Terence
  1934 | D:3      | Reached XP level 5. HP: 22/25 MP: 0/11
  2225 | D:4      | Noticed Pikel
  2226 | D:4      | Noticed a lemure
  2226 | D:4      | Noticed a lemure
  2248 | D:4      | Noticed a lemure
  2250 | D:4      | Noticed a lemure
  2290 | D:4      | HP: 1/25 [Pikel/+1 whip of freezing (5)]
  2290 | D:4      | Slain by Pikel

Illustrated notes

Levels and vault maps discovered:
D:1:      onia_arrival_handbag, layout_rooms,
          hellmonk_ecumenical_altar_leap_of_faith
D:2:      layout_rooms, basic_altar, serial_shops, shop_fountains, shop, shop
D:3:      layout_basic, nicolae_kikubaaqudgha_miasma_corner, uniq_terence
D:4:      layout_loops_cross, lemuel_round_altar,
          nemelex_xobeh_ov_fountains_minmay, lemuel_crystal_altar,
          lemuel_temple_firewalk_b, serial_shops, nicolae_shop_behind_doors,
          uniq_pikel, uniq_natasha

Skill      XL: |  1  2  3  4 |
---------------+-------------+-----
Dodging        | 3 |  3.6
Spellcasting   | 3 |  3.7
Stealth        | 5 |  5.5
Hexes          | 4 |  4.3
Fighting       | 1 |  1.2
Short Blades   | 2 |  2.2
Necromancy     | |  0.1

Action                   |  1- 3 |  4- 6 || total
-------------------------+-------+-------++-------
Melee: Dagger            |   127 |    57 ||   184
Throw: Dart              |       |     2 ||     2
 Cast: Ensorcelled Hiber |     5 |    22 ||    27
 Stab: Sleeping          |     9 |    17 ||    26
Armor: Robe              |     7 |     5 ||    12
Dodge: Dodged            |    86 |    58 ||   144

Table legend: (Time is in decaauts)
 A = Elapsed time spent in this place.
 B = Non-inter-level travel time spent in this place.
 C = Inter-level travel time spent in this place.
 D = Time resting spent in this place.
 E = Time spent auto-exploring this place.
 F = Levels seen in this place.
 G = Mean time per level.
                   A        B        C        D        E       F      G
               +--------+--------+--------+--------+--------+-----+--------+
         Total |   1683 |   1652 |     31 |    160 |    939 |   4 |  420.8 |
       Dungeon |   1683 |   1652 |     31 |    160 |    939 |   4 |  420.8 |
               +--------+--------+--------+--------+--------+-----+--------+

Top non-repeatable levels by time:
     D:3: 656 daAuts
     D:2: 541 daAuts
     D:1: 419 daAuts
     D:4: 66 daAuts
